Map: [ESL] Babylon

Players

A.I. 1 (Very Easy) - Winner!

  • Race: Terran Terran
  • Spawn Location: 11:00

Maplez

  • Race: Protoss Protoss
  • League: Master
  • Spawn Location: 5:00

VOD

Have the link to the VOD?

Description

Time

  • Played on: May 20, 2023, 10:21 p.m.
  • Length: 7:42
Show
View Real Time Build Order
Export as new Build Order

A.I. 1 (Very Easy) Terran - Winner!

Build Orders:  

Get SALT Encoding   

  12  0:00  SCV  
  13  0:13  SCV  
  14  0:18  Supply Depot  
  14  0:37  Refinery  
  14  0:42  Barracks  
  14  1:04  Supply Depot  
  14  1:12  Refinery  
  14  1:30  Orbital Command, Marine  
  15  1:55  SCV  
  16  2:07  SCV  
  17  2:11  Marine  
  18  2:19  SCV  
  19  2:30  Barracks Tech Lab  
  19  2:31  SCV  
  20  2:43  SCV  
  21  2:53  Marauder  
  21  2:56  SCV  
  24  4:57  SCV  
  21  5:09  SCV  
  22  5:21  SCV  
  23  5:33  SCV  
  24  6:25  Marine, SCV  
  26  6:27  Supply Depot  
  26  6:28  Factory  
  26  6:32  Command Center  
  26  6:37  SCV  
  27  6:49  SCV  
  27  6:51  Supply Depot  
  27  6:57  Marine  
  27  7:01  SCV  
  25  7:13  SCV  
  25  7:14  Starport  
  26  7:25  SCV  
Show
View Real Time Build Order
Export as new Build Order

Maplez Protoss 

Build Orders: 1 Gate Expand, Oracle Opening, Carrier Rush 

Get SALT Encoding   

  12  0:00  Probe  
  13  0:12  Probe  
  14  0:17  Pylon  
  14  0:24  Probe (Chrono Boost)  
  15  0:36  Probe (Chrono Boost), Gateway  
  16  0:44  Probe (Chrono Boost)  
  16  0:45  Assimilator  
  17  0:51  Probe  
  18  1:03  Probe  
  19  1:15  Probe  
  20  1:23  Cybernetics Core  
  20  1:34  Nexus  
  20  1:41  Pylon  
  20  1:43  Probe  
  21  1:48  Assimilator  
  21  1:55  Probe  
  21  1:56  Adept (Chrono Boost)  
  24  2:08  Probe  
  25  2:13  Stargate  
  25  2:16  Adept (Chrono Boost)  
  25  2:22  Probe  
  28  2:28  Warp Gate  
  28  2:34  Probe (Chrono Boost)  
  29  2:39  Adept  
  31  2:45  Probe (Chrono Boost)  
  33  2:52  Probe (Chrono Boost)  
  33  2:54  Probe (Chrono Boost)  
  33  2:57  Oracle (Chrono Boost)  
  35  2:59  Probe x2 (Chrono Boost)  
  35  3:05  Pylon  
  39  3:10  Probe  
  39  3:11  Probe  
  41  3:22  Probe  
  41  3:24  Probe  
  43  3:32  Pylon  
  43  3:34  Probe, Void Ray  
  47  3:36  Probe  
  49  3:43  Assimilator x2  
  50  3:49  Probe (Chrono Boost)  
  50  3:51  Probe (Chrono Boost)  
  49  3:58  Probe (Chrono Boost)  
  49  3:59  Gateway  
  49  4:01  Probe (Chrono Boost)  
  47  4:03  Probe  
  47  4:08  Fleet Beacon  
  48  4:11  Probe  
  48  4:15  Probe  
  50  4:20  Shield Battery  
  50  4:23  Probe  
  51  4:24  Stargate  
  51  4:28  Pylon, Probe  
  52  4:36  Forge  
  53  4:41  Pylon  
  52  4:49  Zealot  
  60  4:56  Carrier (Chrono Boost)  
  60  5:03  Pylon  
  60  5:10  Shield Battery  
  60  5:13  Carrier (Chrono Boost)  
  66  5:25  Nexus  
  66  5:28  Shield Battery  
  66  5:31  Protoss Air Weapons Level 1  
  66  5:42  Probe  
  73  5:44  Probe  
  73  5:45  Carrier (Chrono Boost)  
  74  5:57  Probe  
  75  5:58  Photon Cannon  
  81  6:05  Probe  
  81  6:08  Carrier (Chrono Boost)  
  81  6:11  Pylon, Probe  
  83  6:13  Sentry  
  83  6:17  Probe  
  86  6:29  Shield Battery, Probe  
  86  6:30  Probe  
  88  6:38  Pylon  
  94  6:41  Pylon, Probe, Carrier (Chrono Boost)  
  94  6:42  Probe  
  94  6:44  Probe  
  97  6:53  Probe  
  98  6:55  Probe  
  98  6:57  Probe  
  106  7:05  Probe  
  106  7:07  Probe  
  108  7:09  Probe  
  108  7:10  Assimilator  
  108  7:11  Assimilator  
  109  7:17  Probe  
  109  7:18  Zealot x2  
  109  7:19  Probe  
  109  7:21  Probe  
  116  7:31  Pylon  
Tags
 
Add a new tag
Caveats
  • Supply blocks, unpowered buildings, or Contaminate may cause inaccurate times.
  • Supply counts are checked every 10 seconds.